[Event "Titled Tuesday Blitz October 19 2021"]
[White "Zubov, Alexander"]
[Black "Moskalenko, Alexander"]
[WhiteFideId "14109409"]
[BlackFideId "4155351"]
[WhiteElo "2685"]
[BlackElo "2515"]
[Result "1-0"]
[Round "04"]
[TimeControl "180+1"]
[Date "2021.10.19"]
[WhiteClock "0:00:08"]
[BlackClock "0:00:01"]

1. d4 Nf6 2. c4 e6 3. Nf3 b6 4. a3 Bb7 5. Nc3 d5 6. Bg5 Be7 7. e3 O-O 8. Rc1 Nbd7 9. cxd5 exd5 10. Be2 c5 11. O-O a6 12. dxc5 bxc5 13. Qb3 Bc6 14. Rfd1 Qc7 15. Qc2 Bd6 16. b4 cxb4 17. Na2 Rfc8 18. Nxb4 Bb7 19. Qxc7 Rxc7 20. Rxc7 Bxc7 21. Rc1 Rc8 22. Kf1 a5 23. Nd3 Bd6 24. Rb1 Ba6 25. a4 Rc2 26. Bxf6 gxf6 27. Nf4 Bxe2+ 28. Nxe2 Bb4 29. Nf4 Ne5 30. Nxe5 fxe5 31. Nxd5 Rc4 32. f3 f5 33. Kf2 Kg7 34. Kg3 h5 35. h4 Kf7 36. Rb2 1-0


[Site "https://www.chess.com"]

[Event "Titled Tuesday Blitz October 19 2021"]
[White "atbenina64"]
[Black "Ibarra Jerez, Jose Carlos"]
[BlackFideId "2226332"]
[WhiteElo "2550"]
[BlackElo "2626"]
[Result "1-0"]
[Round "04"]
[TimeControl "180+1"]
[Date "2021.10.19"]
[WhiteClock "0:00:12"]
[BlackClock "0:00:08"]

1. e4 c5 2. Nf3 e6 3. c3 Nf6 4. e5 Nd5 5. g3 Nc6 6. Bg2 d6 7. exd6 Bxd6 8. O-O O-O 9. d4 cxd4 10. Nxd4 Nxd4 11. Qxd4 Qc7 12. c4 Nb4 13. Qc3 Rd8 14. Be3 Be7 15. Nd2 Rd3 16. Qc1 e5 17. a3 Nc6 18. Be4 Rd8 19. Bd5 Bf5 20. Ne4 Rac8 21. Nc3 Nd4 22. Bxd4 exd4 23. Nb5 Qb6 24. Qf4 Bg6 25. Nxd4 Bf6 26. Nf5 Qxb2 27. Rab1 Qe5 28. Qxe5 Bxe5 29. Ne7+ Kf8 30. Rxb7 Rc7 31. Rxc7 Bxc7 32. Nc6 Re8 33. Nxa7 Re2 34. Nb5 Bb6 35. Nc3 Rc2 36. Ne4 f5 37. Ng5 Ke7 38. Ne6 Kd6 39. Kg2 Be8 40. Nxg7 Bd7 41. Nh5 Bc5 42. Nf4 Ra2 43. Nd3 Bd4 44. Bg8 Rxa3 45. Nf4 Bc6+ 46. Bd5 Bd7 47. Bf3 Ra2 48. h4 Kc5 49. Nd3+ Kxc4 50. Bd5+ Kxd5 51. Nb4+ Kc4 52. Nxa2 Bc6+ 53. f3 Kd3 54. Nb4+ 1-0


[Site "https://www.chess.com"]

[Event "Titled Tuesday Blitz October 19 2021"]
[White "Aradhya, Garg"]
[Black "Salinas Herrera, Pablo"]
[WhiteFideId "25006746"]
[BlackFideId "3407128"]
[WhiteElo "2146"]
[BlackElo "2541"]
[Result "1-0"]
[Round "05"]
[TimeControl "180+1"]
[Date "2021.10.19"]
[WhiteClock "0:00:29"]
[BlackClock "0:00:02"]

1. d4 d5 2. c4 c6 3. e3 Nf6 4. Nc3 e6 5. Nf3 Nbd7 6. Be2 Bd6 7. O-O O-O 8. a4 b6 9. a5 Rb8 10. axb6 axb6 11. Qc2 Qe7 12. b3 Bb7 13. Bb2 Rfc8 14. e4 dxe4 15. Nxe4 Nxe4 16. Qxe4 c5 17. Qe3 Nf6 18. h3 cxd4 19. Bxd4 Bc5 20. Rfd1 Bxf3 21. Bxf3 Bxd4 22. Rxd4 b5 23. Ra7 Qxa7 24. Rd8+ Rxd8 25. Qxa7 bxc4 26. bxc4 Rbc8 27. c5 Nd7 28. c6 Ne5 29. Qb7 Nxf3+ 30. gxf3 Ra8 31. Kg2 Rdb8 32. Qd7 Rd8 33. Qb7 Rdc8 34. h4 h5 35. f4 g6 36. Kf3 Rcb8 37. Qd7 Rd8 38. Qb7 Kf8 39. c7 Rdc8 40. Qb4+ Ke8 41. Qd6 Ra2 42. f5 Rc2 43. fxg6 R2xc7 44. g7 1-0


[Site "https://www.chess.com"]

[Event "Titled Tuesday Blitz October 19 2021"]
[White "Bluebaum, Matthias"]
[Black "Gurvich, Vitaly"]
[WhiteFideId "24651516"]
[BlackFideId "24164852"]
[WhiteElo "2681"]
[BlackElo "2275"]
[Result "1-0"]
[Round "05"]
[TimeControl "180+1"]
[Date "2021.10.19"]
[WhiteClock "0:00:14"]
[BlackClock "0:00:03"]

1. d4 Nf6 2. Nf3 g6 3. Nc3 d5 4. Bf4 c6 5. e3 Bg7 6. h3 O-O 7. Be2 Re8 8. O-O Nbd7 9. Bh2 a5 10. a4 Nb6 11. Nb1 Nfd7 12. Nbd2 e5 13. dxe5 Nxe5 14. Nxe5 Bxe5 15. Bxe5 Rxe5 16. Nf3 Re8 17. Qd4 Qc7 18. Qh4 Bf5 19. Bd3 Be4 20. Ng5 f5 21. Nxe4 fxe4 22. Be2 Qe7 23. Qxe7 Rxe7 24. b3 Rd8 25. Rfb1 Nd7 26. c3 Ne5 27. b4 axb4 28. Rxb4 Rf8 29. Rab1 Ref7 30. Rf1 Ra8 31. c4 Kg7 32. cxd5 cxd5 33. Rd4 Nc6 34. Rxd5 Rxa4 35. Rd6 Rb4 36. Rfd1 Ne5 37. R6d5 Nc6 38. R1d2 Rb1+ 39. Rd1 Rb4 40. R5d2 Re7 41. Bg4 Ne5 42. Be2 Nc6 43. Rc1 Ne5 44. Rcc2 Rf7 45. Rb2 Ra4 46. Rd1 h5 47. Rb5 Nc6 48. Rdb1 Nd8 49. R5b4 Rxb4 50. Rxb4 Re7 51. Bd1 Kf6 52. Bc2 Nf7 53. Bxe4 Nd6 54. Bf3 Rc7 55. g4 hxg4 56. hxg4 b5 57. Kg2 Rc2 58. Kg3 g5 59. Rd4 Ke6 60. Rd5 b4 61. Rxg5 Kf6 62. Rd5 Nf7 63. Rb5 Rb2 64. Rb6+ Kg7 65. Bd5 Ne5 66. f4 Nd3 67. g5 Rb1 68. f5 Rg1+ 69. Kh4 Nf2 70. Rb7+ Kh8 71. Rb8+ Kg7 72. Rg8+ Kh7 73. g6+ Kh6 74. Bf3 Nd3 75. Rh8+ Kg7 76. Rh7+ Kf6 77. Rf7+ Ke5 78. g7 Ne1 79. Bg4 b3 80. g8=Q Nf3+ 81. Kh5 Rh1+ 82. Kg6 Nh4+ 83. Kg7 1-0


[Site "https://www.chess.com"]

[Event "Titled Tuesday Blitz October 19 2021"]
[White "Bocharov, Dmitry"]
[Black "Vallejo Diaz, Javier"]
[WhiteFideId "4138716"]
[BlackFideId "2256398"]
[WhiteElo "2535"]
[BlackElo "2605"]
[Result "0-1"]
[Round "05"]
[TimeControl "180+1"]
[Date "2021.10.19"]
[WhiteClock "0:00:08"]
[BlackClock "0:00:06"]

1. e4 c5 2. Nf3 e6 3. d4 cxd4 4. Nxd4 a6 5. Bd3 Bc5 6. Nb3 Be7 7. Qg4 Nf6 8. Qg3 d6 9. Nc3 Nc6 10. O-O O-O 11. f4 e5 12. f5 Kh8 13. Kh1 Nb4 14. Bg5 Nxd3 15. cxd3 Nh5 16. Qf3 Bxg5 17. Qxh5 Bd7 18. Rf3 f6 19. Rh3 Bh6 20. Nd5 Bc6 21. Ne3 d5 22. Ng4 dxe4 23. Nxh6 gxh6 24. dxe4 Bxe4 25. Nc5 Bc6 26. Rd1 Qe7 27. Ne6 Rg8 28. Rg3 Rxg3 29. hxg3 Rg8 30. Kh2 Bd7 31. Nc5 Rg5 32. Qxh6 Bxf5 33. b4 Bg4 34. Rd5 Rh5+ 35. Qxh5 Bxh5 36. Rd7 Qe8 37. Rxb7 e4 38. Nd7 Qe6 39. Nf8 Qf5 40. Rb8 Kg7 0-1


[Site "https://www.chess.com"]

[Event "Titled Tuesday Blitz October 19 2021"]
[White "Bordi, Kevin"]
[Black "Palchuk, Andrii"]
[WhiteFideId "621862"]
[BlackFideId "14176688"]
[WhiteElo "2751"]
[BlackElo "2322"]
[Result "1/2-1/2"]
[Round "05"]
[TimeControl "180+1"]
[Date "2021.10.19"]
[WhiteClock "0:00:08"]
[BlackClock "0:00:03"]

1. d4 d5 2. Bf4 Nf6 3. e3 c5 4. c3 Nc6 5. Nd2 cxd4 6. exd4 Bf5 7. Qb3 Qc8 8. Ngf3 e6 9. Be2 Be7 10. O-O O-O 11. Rfe1 h6 12. Ne5 Nxe5 13. Bxe5 Nd7 14. Bg3 Rd8 15. Nf3 Be4 16. Ne5 Nxe5 17. Bxe5 Bd6 18. Bg3 Qc7 19. Qd1 Bxg3 20. hxg3 Qb6 21. Qd2 Rac8 22. Bf1 Bg6 23. g4 a5 24. a4 Rd6 25. Bb5 Qd8 26. Qf4 Rb6 27. Re3 Qg5 28. Qg3 Kf8 29. Rae1 Qd8 30. Re5 Qc7 31. Qh4 Qd8 32. Qh2 Kg8 33. Qg3 Qd6 34. g5 hxg5 35. Rxg5 Qxg3 36. Rxg3 Kf8 37. Rge3 Ke7 38. f3 Kf6 39. g4 Bh7 40. Kg2 g5 41. Kg3 Bg6 42. Rh1 Kg7 43. Rhe1 Rh8 44. Re5 Kf6 45. R5e2 Rd6 46. Rf2 Rdd8 47. Rh2 Rxh2 48. Kxh2 Rh8+ 49. Kg3 b6 50. Rc1 Rc8 51. Rh1 Ke7 52. Rh2 Kd6 53. f4 gxf4+ 54. Kxf4 Rg8 55. Rh6 Ke7 56. Rh2 Kf6 57. Rf2 Rh8 58. b4 Rh3 59. Rf3 Rh1 60. Rf1 Rh3 61. Rf3 Rh1 62. bxa5 bxa5 63. Rf1 Rh3 64. Rf3 Rh1 65. Rf1 Rh8 66. Kg3+ Ke7 67. Rc1 Be4 68. Kf4 Rh3 69. g5 f6 70. gxf6+ Kxf6 71. c4 Rf3+ 72. Kg4 dxc4 73. Bxc4 Ra3 74. Bb5 Rb3 75. Rf1+ Ke7 76. Kf4 Bf5 77. Re1 Kd6 78. Rc1 Rb4 79. Rc6+ Kd5 80. Rc8 Rxd4+ 81. Ke3 Rb4 82. Rd8+ Kc5 83. Rc8+ Kd6 84. Rc6+ Kd5 85. Ra6 Rb3+ 86. Kd2 Kd4 87. Rxa5 Rb2+ 88. Ke1 Ke3 89. Kf1 Bh3+ 90. Kg1 Kf3 91. Bc6+ Kf4 92. Rb5 Rc2 93. Rb4+ Kg3 94. Rb3+ Kh4 95. Be4 Rc4 96. Bg2 Rc1+ 97. Kh2 Bf5 98. Rb4+ Kg5 99. Kg3 Ra1 100. Bc6 Ra3+ 101. Kf2 e5 102. Rb5 Kf4 103. Rb4+ e4 104. Ke2 Ra2+ 105. Kd1 Ke3 106. Kc1 Kd3 107. Kb1 Rh2 108. Bb5+ Kc3 109. Rc4+ Kb3 110. Kc1 e3 111. Rf4 Rh1+ 112. Rf1 Rxf1+ 113. Bxf1 Kxa4 114. Kd1 Bg4+ 115. Be2 Bf5 116. Bf3 Bd3 117. Be2 Be4 118. Bc4 Kb4 119. Ke2 Kxc4 120. Kxe3 1/2-1/2


[Site "https://www.chess.com"]

[Event "Titled Tuesday Blitz October 19 2021"]
[White "Borsuk, Konstantin"]
[Black "Sjugirov, Sanan"]
[WhiteFideId "14113406"]
[BlackFideId "4189302"]
[WhiteElo "2397"]
[BlackElo "2654"]
[Result "1/2-1/2"]
[Round "05"]
[TimeControl "180+1"]
[Date "2021.10.19"]
[WhiteClock "0:00:04"]
[BlackClock "0:00:23"]

1. d4 Nf6 2. c4 e6 3. Nc3 Bb4 4. Qc2 d5 5. cxd5 exd5 6. Bg5 h6 7. Bh4 O-O 8. e3 Be6 9. a3 Be7 10. Bd3 Nbd7 11. Nge2 c5 12. O-O Rc8 13. Rfd1 a6 14. Nf4 cxd4 15. Nxe6 fxe6 16. exd4 e5 17. dxe5 Nxe5 18. Bf5 Rc6 19. Qe2 Nf7 20. Bxf6 Bxf6 21. Nxd5 Rd6 22. Nf4 Bxb2 23. Rab1 Rxd1+ 24. Rxd1 Qf6 25. Nd5 Qg5 26. Qxb2 Re8 27. Bd7 Qxd5 28. Qb1 Qe5 29. Bxe8 Qxe8 30. Qxb7 Qa4 31. Qa8+ Kh7 32. Qf3 Ne5 33. Qf5+ g6 34. Qb1 h5 35. Re1 Qa5 36. h3 Qc7 37. Qe4 Nf7 38. a4 Qa5 39. Qe6 Kg7 40. Rd1 Qxa4 41. Rd7 Qf4 42. Ra7 Qc1+ 43. Kh2 Qf4+ 44. Kg1 Qc1+ 45. Kh2 Qf4+ 46. Kg1 1/2-1/2


[Site "https://www.chess.com"]

[Event "Titled Tuesday Blitz October 19 2021"]
[White "Demchenko, Anton"]
[Black "Zubov, Alexander"]
[WhiteFideId "4160258"]
[BlackFideId "14109409"]
[WhiteElo "2583"]
[BlackElo "2685"]
[Result "1-0"]
[Round "05"]
[TimeControl "180+1"]
[Date "2021.10.19"]
[WhiteClock "0:00:09"]
[BlackClock "0:00:20"]

1. e4 c5 2. Nf3 e6 3. d4 cxd4 4. Nxd4 a6 5. a3 Nf6 6. Nc3 Qc7 7. f4 d6 8. g4 b5 9. g5 Nfd7 10. Bg2 Bb7 11. O-O Nc6 12. Be3 Na5 13. Kh1 Nc4 14. Bc1 Be7 15. b3 Na5 16. Bb2 O-O 17. Qh5 Nc6 18. Nf5 exf5 19. Nd5 Qd8 20. exf5 f6 21. Nc7 Na5 22. Bxb7 Nxb7 23. Ne6 Qe8 24. Qg4 fxg5 25. Nxg7 Qf7 26. fxg5 Qd5+ 27. Rf3 Ne5 28. Bxe5 Qxe5 29. Rg1 Kxg7 30. f6+ Kh8 31. Rf5 Qe6 32. g6 hxg6 33. Qh3+ Kg8 34. Rxg6+ Kf7 35. fxe7+ Kxg6 36. Qg4+ Kh7 37. Rh5+ Qh6 38. Rxh6+ Kxh6 39. exf8=Q+ Rxf8 40. Qh4+ Kg6 41. Qg3+ Kf7 42. Qf3+ Ke7 43. Qxb7+ Ke6 44. Qxa6 Rf1+ 45. Kg2 Rc1 46. Qxb5 Rxc2+ 47. Kg3 Rc3+ 48. Kg4 Re3 49. Qc4+ d5 50. Qc8+ Ke5 51. Qh8+ Ke4 52. a4 d4 53. Qe8+ Kd3 54. Qg6+ Kc3 55. Kf4 Re2 56. Qg7 Rf2+ 57. Ke4 Re2+ 58. Kd5 Rd2 59. a5 Kxb3 60. a6 d3 61. a7 Ra2 62. Qb7+ Kc2 63. a8=Q d2 64. Qxa2+ 1-0


[Site "https://www.chess.com"]

[Event "Titled Tuesday Blitz October 19 2021"]
[White "Erdogdu, Mert"]
[Black "Ceres, Dragos"]
[WhiteFideId "6301495"]
[BlackFideId "13905864"]
[WhiteElo "2485"]
[BlackElo "2094"]
[Result "0-1"]
[Round "05"]
[TimeControl "180+1"]
[Date "2021.10.19"]
[WhiteClock "0:00:06"]
[BlackClock "0:00:09"]

1. e4 e5 2. Nf3 Nc6 3. Bc4 Nf6 4. d3 h6 5. O-O d6 6. c3 g5 7. a4 Bg7 8. Na3 O-O 9. Nc2 Ne7 10. Re1 Ng6 11. d4 exd4 12. Nfxd4 Nxe4 13. Rxe4 d5 14. Bxd5 Qxd5 15. Qe2 c5 16. Nb5 Qc6 17. f3 Bf5 18. Re3 Rfe8 19. h3 Nf4 20. Qf2 Nd3 21. Qd2 Nxc1 22. Rxc1 Rad8 23. Rxe8+ Qxe8 24. Qf2 a6 25. Nba3 Qxa4 26. Qxc5 Bxc2 27. Nxc2 Qb3 28. Qb4 Qxb4 29. Nxb4 Rd2 30. Rc2 Rxc2 31. Nxc2 Kf8 32. Kf2 Ke7 33. Ke3 Kd6 34. Ke4 Ke6 35. g4 b5 36. Ne3 Bf8 37. Nd5 Kd6 38. Kd4 Bg7+ 39. Ke4 Bf8 40. f4 gxf4 41. Nxf4 Kc5 42. Kd3 a5 43. Nh5 a4 44. Nf6 Be7 45. Ne4+ Kd5 46. Nd2 Bg5 47. Nf3 Bc1 48. Kc2 Bf4 49. Kd3 Bc1 50. Kc2 Bf4 51. h4 Ke4 52. g5 Kxf3 53. gxh6 Bxh6 54. h5 Kg4 55. Kd3 Bc1 56. Kc2 Bh6 57. c4 bxc4 58. Kc3 Kxh5 59. Kxc4 Bc1 60. Kc3 f5 61. Kc2 Bxb2 62. Kxb2 f4 63. Ka3 f3 64. Kxa4 f2 65. Kb3 f1=Q 0-1


[Site "https://www.chess.com"]

[Event "Titled Tuesday Blitz October 19 2021"]
[White "Erdogmus, Yagiz Kaan"]
[Black "Nagy, Gabor"]
[WhiteFideId "44599790"]
[BlackFideId "737119"]
[WhiteElo "1783"]
[BlackElo "2534"]
[Result "1-0"]
[Round "05"]
[TimeControl "180+1"]
[Date "2021.10.19"]
[WhiteClock "0:00:41"]
[BlackClock "0:01:00"]

1. e4 g6 2. d4 Bg7 3. Nc3 d6 4. Be3 a6 5. h4 b5 6. h5 Bb7 7. h6 Bf6 8. a3 Nd7 9. Qd2 c5 10. Nf3 cxd4 11. Nxd4 Rc8 12. O-O-O Nc5 13. f3 Qc7 14. g4 e6 15. Kb1 Ne7 16. Ndxb5 axb5 17. Nxb5 Qb6 18. Nxd6+ Kf8 19. Bd4 Qxd6 20. Bxf6 Qxd2 21. Rxd2 Rg8 22. Bb5 Bc6 23. Bxc6 Nxc6 24. Rhd1 g5 25. Rd6 Nb7 26. Rxc6 Rxc6 27. Rd7 Nd6 28. e5 Rg6 29. exd6 Rxd6 30. Bg7+ Rxg7 31. hxg7+ 1-0


[Site "https://www.chess.com"]

[Event "Titled Tuesday Blitz October 19 2021"]
[White "Gabrielian, Artur"]
[Black "Papp, Levente"]
[WhiteFideId "4131002"]
[BlackFideId "751243"]
[WhiteElo "2489"]
[BlackElo "2308"]
[Result "0-1"]
[Round "05"]
[TimeControl "180+1"]
[Date "2021.10.19"]
[WhiteClock "0:00:14"]
[BlackClock "0:00:16"]

1. e4 e6 2. d3 d5 3. Qe2 Nf6 4. Nf3 Bc5 5. e5 Nfd7 6. d4 Bb6 7. a4 c5 8. c3 Nc6 9. Be3 O-O 10. Qd1 f6 11. exf6 Qxf6 12. Be2 cxd4 13. cxd4 e5 14. dxe5 Ndxe5 15. Bxb6 Nxf3+ 16. Bxf3 Re8+ 17. Be3 d4 18. Bxc6 dxe3 19. Bd5+ Kh8 20. f3 Qxb2 21. Ra2 Qb4+ 22. Kf1 Bf5 23. Qb3 Qxb3 24. Bxb3 Bxb1 25. Rb2 Bd3+ 26. Ke1 Rac8 27. Kd1 Red8 28. Ke1 Rc1+ 29. Bd1 Bc2 30. Ke2 Rcxd1 31. Rxd1 Bxd1+ 32. Kxe3 b6 33. Rb4 h6 34. h4 Rd5 35. g4 Ra5 36. Rd4 Bxa4 37. f4 Bb3 38. f5 h5 39. Kf4 hxg4 40. Rd8+ Kh7 41. Kxg4 Bc2 42. h5 Bxf5+ 43. Kh4 Be6 44. h6 Kxh6 45. Rd6 Re5 46. Rd8 Kg6 47. Rd4 Kf5 48. Rf4+ Kg6 49. Rd4 Rd5 50. Re4 Kf6 51. Rf4+ Ke5 52. Rf8 Kd4 53. Ra8 g5+ 54. Kh5 g4+ 55. Kh4 a5 56. Ra6 Rd6 57. Kg3 Bc4 58. Ra8 b5 59. Rxa5 Kc3 60. Kxg4 b4 61. Kf4 b3 62. Ra3 Kc2 63. Ke5 Rd1 64. Ra4 Kc3 65. Ra3 Re1+ 66. Kd6 Kb4 67. Ra8 b2 68. Rb8+ Bb5 0-1


[Site "https://www.chess.com"]

[Event "Titled Tuesday Blitz October 19 2021"]
[White "Gelman, Alexander"]
[Black "Savchenko, Boris"]
[WhiteFideId "4118316"]
[BlackFideId "4147332"]
[WhiteElo "2375"]
[BlackElo "2526"]
[Result "0-1"]
[Round "05"]
[TimeControl "180+1"]
[Date "2021.10.19"]
[WhiteClock "0:00:04"]
[BlackClock "0:00:57"]

1. d4 Nf6 2. Nc3 d5 3. Bf4 a6 4. e3 c5 5. Nf3 e6 6. Ne5 b5 7. g4 Nfd7 8. Nf3 Nc6 9. Bg2 h5 10. g5 g6 11. e4 dxe4 12. Nxe4 Bb7 13. dxc5 Bxc5 14. Bd6 Qb6 15. Bxc5 Nxc5 16. Nf6+ Ke7 17. Qe2 Rad8 18. O-O Nd4 19. Nxd4 Rxd4 20. Qe5 Rhd8 21. Rae1 Bxg2 22. Kxg2 Qc6+ 23. Kg1 Qd6 24. Qe3 Qf4 25. Qxf4 Rxf4 26. Rd1 Ne4 27. Rxd8 Kxd8 28. Rd1+ Kc8 29. Nxe4 Rxe4 30. Rd3 Rg4+ 31. Rg3 Rxg3+ 32. hxg3 Kd7 33. Kg2 Kd6 34. Kf3 Ke5 35. Ke3 Kf5 36. f4 e5 37. c3 exf4+ 38. gxf4 a5 39. b3 a4 40. c4 axb3 41. axb3 bxc4 42. bxc4 Ke6 43. Ke4 Kd6 44. Kd4 Kc6 45. Ke4 Kc5 46. Kd3 h4 47. Ke4 Kxc4 48. f5 gxf5+ 49. Kxf5 h3 50. Kf6 h2 51. Kxf7 h1=Q 52. g6 Qf3+ 0-1


[Site "https://www.chess.com"]

[Event "Titled Tuesday Blitz October 19 2021"]
[White "Ghimpu, Samuel-Timotei"]
[Black "Budrewicz, Krzysztof"]
[WhiteFideId "1238175"]
[BlackFideId "1127950"]
[WhiteElo "2012"]
[BlackElo "2242"]
[Result "1-0"]
[Round "05"]
[TimeControl "180+1"]
[Date "2021.10.19"]
[WhiteClock "0:00:37"]
[BlackClock "0:00:45"]

1. b3 Nf6 2. Bb2 g6 3. g3 Bg7 4. Bg2 O-O 5. Nf3 d6 6. d4 a5 7. a3 a4 8. b4 d5 9. Nbd2 b5 10. Ne5 c6 11. e4 e6 12. O-O Nfd7 13. Nd3 Nb6 14. f4 dxe4 15. Nxe4 Bxd4+ 16. Bxd4 Qxd4+ 17. Kh1 Nd5 18. Qe2 Nd7 19. Rfd1 Qe3 20. Qf1 Bb7 21. Ndc5 Nxc5 22. Nxc5 Bc8 23. Rd3 Qxd3 24. cxd3 Rd8 25. Qe2 Bd7 26. Rc1 Be8 27. h4 h5 28. Qe5 Ra7 29. Kg1 Ne7 30. Ne4 Nf5 31. Nf6+ Kf8 32. Nxe8 Rxe8 33. Rxc6 Nxg3 34. Qxb5 Kg8 35. Ra6 Rae7 36. Qxa4 Ne2+ 37. Kf2 Nxf4 38. Ra8 Rxa8 39. Qxa8+ Kg7 40. b5 Nxd3+ 41. Ke3 Rd7 42. b6 1-0


[Site "https://www.chess.com"]

[Event "Titled Tuesday Blitz October 19 2021"]
[White "Harshavardhan G B"]
[Black "Onyshchuk, Volodymyr"]
[WhiteFideId "25059009"]
[BlackFideId "14114038"]
[WhiteElo "1825"]
[BlackElo "2603"]
[Result "1-0"]
[Round "05"]
[TimeControl "180+1"]
[Date "2021.10.19"]
[WhiteClock "0:00:06"]
[BlackClock "0:00:03"]

1. d4 d6 2. e4 Nf6 3. Nc3 g6 4. Be3 c6 5. Qd2 Nbd7 6. O-O-O b5 7. d5 cxd5 8. Bxb5 dxe4 9. Bc6 Rb8 10. Bxa7 Qc7 11. Bxd7+ Bxd7 12. Bxb8 Qxb8 13. Qd4 Bg7 14. Nd5 Be6 15. Nxf6+ Bxf6 16. Qa4+ Kf8 17. c3 Kg7 18. Ne2 Qb6 19. Nd4 Bg4 20. f3 exf3 21. gxf3 Bh3 22. Qb3 Qa7 23. Rhe1 Qa8 24. a4 Rb8 25. Qa3 e5 26. Nb5 Bf5 27. f4 Qf3 28. Nxd6 Qxf4+ 29. Rd2 Bd3 30. Qc5 Bg5 31. Qxe5+ Qxe5 32. Rxe5 Bf4 33. Rd5 Ba6 34. b4 Ra8 35. b5 Bc8 36. Nxc8 Rxc8 37. Kc2 Rc4 38. Kb3 Re4 39. R2d4 1-0


[Site "https://www.chess.com"]

[Event "Titled Tuesday Blitz October 19 2021"]
[White "Hjartarson, Johann"]
[Black "Kovalev, Vladislav"]
[WhiteFideId "2300044"]
[BlackFideId "13504398"]
[WhiteElo "2502"]
[BlackElo "2573"]
[Result "0-1"]
[Round "05"]
[TimeControl "180+1"]
[Date "2021.10.19"]
[WhiteClock "0:00:01"]
[BlackClock "0:00:08"]

1. e4 e5 2. Nf3 Nc6 3. Bb5 a6 4. Ba4 Nf6 5. O-O Be7 6. Re1 b5 7. Bb3 d6 8. c3 O-O 9. d4 Bg4 10. d5 Na5 11. Bc2 c6 12. h3 Bc8 13. dxc6 Qc7 14. Nbd2 Qxc6 15. Nf1 h6 16. Ng3 Re8 17. a4 Be6 18. Nh4 Nc4 19. Nhf5 Bf8 20. Qf3 Nh7 21. Nh5 Kh8 22. Qg3 g6 23. Nxh6 Bxh6 24. Bxh6 Rg8 25. axb5 Qxb5 26. b3 Nb6 27. c4 Qc6 28. Nf4 exf4 29. Bxf4 Rgd8 30. Red1 Nc8 31. Rd2 a5 32. Qc3+ Kg8 33. Rxa5 Rxa5 34. Qxa5 Rd7 35. Bd3 Nf6 36. Qc3 Ne8 37. e5 d5 38. Bf1 dxc4 39. Rxd7 Qxd7 40. bxc4 Qc6 41. Qd4 Nb6 42. c5 Nd7 43. Be3 Nc7 44. f4 Nd5 45. Bf2 Qc8 46. Be2 Nb8 47. Bf3 Nc6 48. Qd2 Qd7 49. Kh2 Nce7 50. g4 Qb5 51. Bh4 Qxc5 52. Be4 Nc3 53. Qd8+ Kh7 54. Bxe7 Qf2+ 0-1


[Site "https://www.chess.com"]

[Event "Titled Tuesday Blitz October 19 2021"]
[White "Holt, Conrad"]
[Black "Baskin, Robert"]
[WhiteFideId "2034387"]
[BlackFideId "24662402"]
[WhiteElo "2586"]
[BlackElo "2521"]
[Result "1-0"]
[Round "05"]
[TimeControl "180+1"]
[Date "2021.10.19"]
[WhiteClock "0:00:15"]
[BlackClock "0:00:17"]

1. d4 d5 2. c4 e6 3. Nc3 c6 4. e3 Bd6 5. Bd3 f5 6. Nf3 Nf6 7. O-O O-O 8. b3 b6 9. Bb2 Bb7 10. cxd5 cxd5 11. Nb5 Be7 12. Rc1 a6 13. Nc7 Qd7 14. Ne5 Qd6 15. Nxa8 Bxa8 16. Qc2 Bd8 17. Qc8 Be7 18. Qc7 Rd8 19. Qxd6 Bxd6 20. Rc2 Bb7 21. Rfc1 Kf8 22. Rc7 Bxc7 23. Rxc7 Ba8 24. Ba3+ Kg8 25. Be7 Re8 26. Bd6 Ne4 27. Ba3 Nf6 28. f3 Rd8 29. Kf2 Nfd7 30. Be7 Nxe5 31. Bxd8 Nxd3+ 32. Ke2 Bc6 33. Kxd3 Bb5+ 34. Kd2 Nc6 35. a4 Nxd8 36. axb5 1-0


[Site "https://www.chess.com"]

[Event "Titled Tuesday Blitz October 19 2021"]
[White "Ibarra Jerez, Jose Carlos"]
[Black "Sydoryka, Vladyslav"]
[WhiteFideId "2226332"]
[BlackFideId "14145928"]
[WhiteElo "2626"]
[BlackElo "2282"]
[Result "0-1"]
[Round "05"]
[TimeControl "180+1"]
[Date "2021.10.19"]
[WhiteClock "0:00:06"]
[BlackClock "0:00:37"]

1. d4 Nf6 2. Bf4 d5 3. e3 c5 4. Nf3 Nc6 5. Nbd2 Bg4 6. Bb5 e6 7. h3 Bxf3 8. Qxf3 a6 9. Bxc6+ bxc6 10. O-O cxd4 11. exd4 c5 12. dxc5 Bxc5 13. c4 O-O 14. Rac1 Qb6 15. Nb3 dxc4 16. Rxc4 Bd6 17. Rc6 Qxc6 18. Qxc6 Bxf4 19. g3 Be5 20. Qc2 Rac8 21. Qe2 Bc7 22. Qxa6 Ra8 23. Qb7 Be5 24. Rb1 Rxa2 25. Nc1 Raa8 26. Nd3 Bd4 27. Qf3 Rab8 28. b4 Nd5 29. Qe4 Nc3 30. Qxd4 Ne2+ 31. Kg2 Nxd4 32. Ne5 Rfc8 33. Ra1 Rxb4 34. Ra7 Rcb8 35. Rxf7 R4b5 36. Rf4 Rxe5 37. Rxd4 Re2 0-1


[Site "https://www.chess.com"]

[Event "Titled Tuesday Blitz October 19 2021"]
[White "Indjic, Aleksandar"]
[Black "Shkapenko, Pavel"]
[WhiteFideId "911925"]
[BlackFideId "4151933"]
[WhiteElo "2643"]
[BlackElo "2386"]
[Result "1-0"]
[Round "05"]
[TimeControl "180+1"]
[Date "2021.10.19"]
[WhiteClock "0:01:20"]
[BlackClock "0:00:26"]

1. d4 Nf6 2. c4 e6 3. Nc3 Bb4 4. Qc2 c5 5. dxc5 Bxc5 6. Nf3 Qb6 7. e3 Qc7 8. b3 b6 9. Bb2 Bb7 10. Be2 a6 11. O-O-O Be7 12. Rhg1 d6 13. g4 h6 14. h4 Nc6 15. g5 hxg5 16. hxg5 Nd7 17. g6 f5 18. Nd5 exd5 19. cxd5 Bf6 20. dxc6 Bxc6 21. Nd4 Nc5 22. Nxc6 Bxb2+ 23. Kxb2 Qxc6 24. Bc4 O-O-O 25. Qxf5+ Kb8 26. Bd5 Qc7 27. Rd2 Rhf8 28. Qc2 Qe7 29. Bf7 Rc8 30. Qf5 Qc7 31. Rc2 Rh8 32. Rgc1 a5 33. a3 Qe7 34. b4 axb4 35. axb4 Nd7 36. Rxc8+ Rxc8 37. Rxc8+ Kxc8 38. Be6 Kc7 39. Bxd7 Qxd7 40. Qxd7+ Kxd7 41. Kc3 Ke6 42. Kc4 Ke5 43. Kb5 Ke4 44. Kxb6 Kf3 45. Kc6 Kxf2 46. b5 Kxe3 47. Kxd6 1-0


[Site "https://www.chess.com"]

[Event "Titled Tuesday Blitz October 19 2021"]
[White "Khanin, Semen"]
[Black "Papasimakopoulos, Alexandros"]
[WhiteFideId "4111990"]
[BlackFideId "4244125"]
[WhiteElo "2436"]
[BlackElo "2352"]
[Result "1-0"]
[Round "05"]
[TimeControl "180+1"]
[Date "2021.10.19"]
[WhiteClock "0:00:12"]
[BlackClock "0:00:07"]

1. Nf3 f5 2. Nc3 Nf6 3. d3 d6 4. e4 e5 5. Bg5 h6 6. Bxf6 Qxf6 7. d4 exd4 8. Nd5 Qf7 9. Qxd4 Nc6 10. Qc3 fxe4 11. Bc4 exf3 12. O-O-O Be6 13. Rhe1 Ne5 14. Rxe5 dxe5 15. Nxc7+ Ke7 16. Nxe6 fxg2 17. Qa3+ Kf6 18. Qf3+ Ke7 19. Qxb7+ Kf6 20. Qf3+ Ke7 21. Qxa8 Qe8 22. Qxg2 g5 23. Qe4 Qb8 24. Nd4 Qc7 25. Nc6+ Kf6 26. Rd3 g4 27. Qd5 h5 28. Qe6+ Kg5 29. Nxe5 Bh6 30. Nf7+ Kh4+ 31. Nxh6 Qf4+ 32. Kb1 Rxh6 33. Qe3 Qxe3 34. Rxe3 Rf6 35. Re2 Kh3 36. a4 Kxh2 37. f3+ Kg3 38. fxg4 hxg4 39. Bd5 Rd6 40. c4 a5 41. Re5 Kf4 42. Re8 g3 43. Rf8+ Kg4 44. Rg8+ Kf4 45. Kc2 Rh6 46. Kc3 Rh3 47. Kd4 Rh4 48. Kc5 Rh2 49. Kb5 Rxb2+ 50. Kxa5 Rb1 51. Ka6 Rb2 52. a5 Ke5 53. Rg6 Rb4 54. Rxg3 Kd6 55. Rg6+ Kc5 56. Rb6 Ra4 57. Rb5+ Kd6 58. Kb6 Ra1 59. a6 Rg1 60. a7 Rg8 61. a8=Q 1-0


[Site "https://www.chess.com"]

[Event "Titled Tuesday Blitz October 19 2021"]
[White "Langrock, Hannes"]
[Black "Abarca Gonzalez, Nicolas"]
[WhiteFideId "4655290"]
[BlackFideId "3409422"]
[WhiteElo "2325"]
[BlackElo "2504"]
[Result "0-1"]
[Round "05"]
[TimeControl "180+1"]
[Date "2021.10.19"]
[WhiteClock "0:00:04"]
[BlackClock "0:01:16"]

1. d4 Nf6 2. c4 e5 3. dxe5 Ng4 4. Bf4 g5 5. Bd2 Bg7 6. Nc3 Nxe5 7. b3 Nbc6 8. g3 Qe7 9. Qb1 Nb4 10. Bg2 d5 11. cxd5 O-O 12. Nf3 Nbd3+ 13. Kf1 Nxf3 14. Bxf3 Bh3+ 15. Kg1 Nxf2 16. Kxf2 Bxc3 17. Bxc3 Qc5+ 18. e3 Qxc3 19. Qc1 Qf6 20. Ke2 Rfe8 21. Qc5 g4 22. Bxg4 Bxg4+ 0-1


[Site "https://www.chess.com"]